PA
SOUTH BEACH BLAZE @ ALAMEDA AIRMEN
05/30/2026
 
TOP OF THE 1ST
South Beach Blaze batting - Pitching for Alameda Airmen : RHP Merlin Bassett
Pitching: RHP Merlin Bassett
Batting: RHB Eduardo Rivera 0-0: Called Strike
0-1: Ball
1-1: Bunt missed!
1-2: Ball
2-2: Ball
3-2: Ground out 4-3 (Groundball, 4)
Batting: RHB Bastiaan Trommel 0-0: Called Strike
0-1: Ball
1-1: Ball
2-1: Ground out U3 (Groundball, 34)
Batting: LHB Jorge Alejándrez 0-0: Ball
1-0: SINGLE (Groundball, 6D)
Batting: SHB José Rico 0-0: Ball
Jorge Alejándrez is caught stealing 2nd base
Top of the 1st over - 0 run(s), 1 hit(s), 0 error(s), 0 left on base; South Beach 0 - Alameda 0
BOTTOM OF THE 1ST
Alameda Airmen batting - Pitching for South Beach Blaze : LHP Piotr Oja
Pitching: LHP Piotr Oja
Batting: RHB Mark Poirer 0-0: Fly out, F8 (Line Drive, 89M)
Batting: RHB Alfonso Nazario 0-0: Ball
1-0: Ball
2-0: Foul Ball, location: 2F
2-1: Ball
3-1: Swinging Strike
3-2: Strikes out swinging
Batting: RHB Javier Marino 0-0: Called Strike
0-1: Ball
1-1: Ball
2-1: Swinging Strike
2-2: Ball
3-2: Strikes out swinging
Bottom of the 1st over - 0 run(s), 0 hit(s), 0 error(s), 0 left on base; South Beach 0 - Alameda 0
TOP OF THE 2ND
South Beach Blaze batting - Pitching for Alameda Airmen : RHP Merlin Bassett
Batting: SHB José Rico 0-0: Fly out, F7 (Line Drive, 7S)
Batting: LHB Ramiro Ramos 0-0: Ball
1-0: SINGLE (Line Drive, 34)
Batting: LHB Sepulveda Zambrano 0-0: Ball
1-0: Fly out, F6 (Popup, 6D)
Batting: RHB Héctor Santandreu 0-0: Ball
1-0: Ball
2-0: Called Strike
2-1: Ball
3-1: Swinging Strike
3-2: Ground out 5-3 (Groundball, 56S)
Top of the 2nd over - 0 run(s), 1 hit(s), 0 error(s), 1 left on base; South Beach 0 - Alameda 0
BOTTOM OF THE 2ND
Alameda Airmen batting - Pitching for South Beach Blaze : LHP Piotr Oja
Batting: RHB Jack Head 0-0: Called Strike
0-1: Ball
1-1: Ball
2-1: Swinging Strike
2-2: Strikes out swinging
Batting: LHB Bob Maher 0-0: Foul Ball, location: 2F
0-1: Ball
1-1: Called Strike
1-2: Strikes out swinging
Batting: RHB Mario Salazar 0-0: Called Strike
0-1: Ball
1-1: Called Strike
1-2: Strikes out swinging
Bottom of the 2nd over - 0 run(s), 0 hit(s), 0 error(s), 0 left on base; South Beach 0 - Alameda 0
TOP OF THE 3RD
South Beach Blaze batting - Pitching for Alameda Airmen : RHP Merlin Bassett
Batting: RHB Raúl Chávez 0-0: Called Strike
0-1: Foul Ball, location: 2F
0-2: Ball
1-2: SINGLE (Groundball, 56) (infield hit)
Batting: RHB Shizuo Heiwajaima 0-0: Ball
1-0: Ball
2-0: Ball
3-0: Called Strike
3-1: Fielders Choice at 2nd, 6-4 (Groundball, 6)
Batting: RHB Eduardo Rivera 0-0: Ball
1-0: Called Strike
Shizuo Heiwajaima steals 2nd base
1-1: Ball
2-1: Ball
Shizuo Heiwajaima steals 3rd base
3-1: Swinging Strike
3-2: Ground out 5-3 (Groundball, 5L)
Batting: RHB Bastiaan Trommel 0-0: Foul Ball, location: 2F
0-1: SINGLE (Line Drive, 8RS)
Shizuo Heiwajaima scores
Batting: LHB Jorge Alejándrez 0-0: Foul Ball, location: 2F
0-1: Ball
Bastiaan Trommel steals 2nd base
1-1: Ball
2-1: SINGLE (Groundball, 56D)
Bastiaan Trommel to third
Runner from 3rd tries for Home, SAFE, no throw
Batting: SHB José Rico 0-0: Ball
1-0: Foul Ball, location: 2F
1-1: Ball
2-1: Ball
3-1: Base on Balls
Jorge Alejándrez to second
Batting: LHB Ramiro Ramos 0-0: Swinging Strike
0-1: Ball
1-1: Foul Ball, location: 2F
1-2: Strikes out swinging
Top of the 3rd over - 2 run(s), 3 hit(s), 0 error(s), 2 left on base; South Beach 2 - Alameda 0
BOTTOM OF THE 3RD
Alameda Airmen batting - Pitching for South Beach Blaze : LHP Piotr Oja
Batting: RHB Teobaldo Pasquetto 0-0: Ball
1-0: Ball
2-0: Ground out 6-3 (Groundball, 6M)
Batting: LHB Armando Carmona 0-0: Called Strike
0-1: Ball
1-1: Ball
2-1: Swinging Strike
2-2: Foul Ball, location: 2F
2-2: Strikes out swinging
Batting: RHB Howard Lee 0-0: Called Strike
0-1: Ball
1-1: SINGLE (Flyball, 78S)
Batting: RHB Mark Poirer 0-0: Called Strike
0-1: Called Strike
0-2: Ball
1-2: Ball
2-2: Foul Ball, location: 2F
2-2: Strikes out swinging
Bottom of the 3rd over - 0 run(s), 1 hit(s), 0 error(s), 1 left on base; South Beach 2 - Alameda 0
TOP OF THE 4TH
South Beach Blaze batting - Pitching for Alameda Airmen : RHP Merlin Bassett
Batting: LHB Sepulveda Zambrano 0-0: Ball
1-0: Fly out, F9 (Flyball, 9)
Batting: RHB Héctor Santandreu 0-0: Ball
1-0: Ball
2-0: Ball
3-0: Called Strike
3-1: Ground out 6-3 (Groundball, 6)
Batting: RHB Raúl Chávez 0-0: Swinging Strike
0-1: Ball
1-1: Fly out, F9 (Flyball, 9S)
Top of the 4th over - 0 run(s), 0 hit(s), 0 error(s), 0 left on base; South Beach 2 - Alameda 0
BOTTOM OF THE 4TH
Alameda Airmen batting - Pitching for South Beach Blaze : LHP Piotr Oja
Batting: RHB Alfonso Nazario 0-0: Fly out, F4 (Line Drive, 4)
Batting: RHB Javier Marino 0-0: Ball
1-0: Called Strike
1-1: SINGLE (Groundball, 5D)
Batting: RHB Jack Head 0-0: Called Strike
0-1: Called Strike
0-2: Strikes out swinging
Batting: LHB Bob Maher 0-0: Called Strike
0-1: Foul Ball, location: 2F
0-2: Ball
1-2: Ball
2-2: Strikes out swinging
Bottom of the 4th over - 0 run(s), 1 hit(s), 0 error(s), 1 left on base; South Beach 2 - Alameda 0
TOP OF THE 5TH
South Beach Blaze batting - Pitching for Alameda Airmen : RHP Merlin Bassett
Batting: RHB Shizuo Heiwajaima 0-0: Swinging Strike
0-1: Swinging Strike
0-2: Ball
1-2: Foul Ball, location: 2F
1-2: Foul Ball, location: 2F
1-2: Ball
2-2: Strikes out looking
Batting: RHB Eduardo Rivera 0-0: Fly out, F8 (Line Drive, 8LS)
Batting: RHB Bastiaan Trommel 0-0: Ball
1-0: Swinging Strike
1-1: Ball
2-1: Swinging Strike
2-2: Foul Ball, location: 2F
2-2: Strikes out swinging
Top of the 5th over - 0 run(s), 0 hit(s), 0 error(s), 0 left on base; South Beach 2 - Alameda 0
BOTTOM OF THE 5TH
Alameda Airmen batting - Pitching for South Beach Blaze : LHP Piotr Oja
Batting: RHB Mario Salazar 0-0: Swinging Strike
0-1: Ball
1-1: Swinging Strike
1-2: Strikes out looking
Batting: RHB Teobaldo Pasquetto 0-0: Ball
1-0: Fly out, F8 (Flyball, 8RD)
Batting: LHB Armando Carmona 0-0: Called Strike
0-1: Ball
1-1: Ball
2-1: Foul Ball, location: 2F
2-2: Ball
3-2: Fly out, F7 (Flyball, 7)
Bottom of the 5th over - 0 run(s), 0 hit(s), 0 error(s), 0 left on base; South Beach 2 - Alameda 0
TOP OF THE 6TH
South Beach Blaze batting - Pitching for Alameda Airmen : RHP Merlin Bassett
Batting: LHB Jorge Alejándrez 0-0: Ground out 2-3 (Groundball, 2L)
Batting: SHB José Rico 0-0: Ball
1-0: Foul Ball, location: 2F
1-1: Called Strike
1-2: SINGLE (Groundball, 4MD)
Batting: LHB Ramiro Ramos 0-0: Called Strike
0-1: Ball
1-1: Ball
2-1: Foul Ball, location: 2F
2-2: Ball
3-2: Strikes out swinging
Batting: LHB Sepulveda Zambrano 0-0: Called Strike
0-1: Ground out U3 (Groundball, 3L)
Top of the 6th over - 0 run(s), 1 hit(s), 0 error(s), 1 left on base; South Beach 2 - Alameda 0
BOTTOM OF THE 6TH
Alameda Airmen batting - Pitching for South Beach Blaze : LHP Piotr Oja
Batting: RHB Howard Lee 0-0: Ball
1-0: Called Strike
1-1: Foul Ball, location: 2F
1-2: Ball
2-2: Foul Ball, location: 2F
2-2: Ball
3-2: Strikes out swinging
Batting: RHB Mark Poirer 0-0: Fly out, F8 (Line Drive, 78M)
Batting: RHB Alfonso Nazario 0-0: Ball
1-0: Ball
2-0: Foul Ball, location: 2F
2-1: Called Strike
2-2: Ball
3-2: Strikes out swinging
Bottom of the 6th over - 0 run(s), 0 hit(s), 0 error(s), 0 left on base; South Beach 2 - Alameda 0
TOP OF THE 7TH
South Beach Blaze batting - Pitching for Alameda Airmen : RHP Merlin Bassett
Batting: RHB Héctor Santandreu 0-0: Ball
1-0: Ball
2-0: Called Strike
2-1: Ball
3-1: Called Strike
3-2: Foul Ball, location: 2F
3-2: Foul Ball, location: 2F
3-2: Strikes out looking
Pitching: RHP Tome Colmieiro
Batting: RHB Raúl Chávez 0-0: Called Strike
0-1: Called Strike
0-2: Foul Ball, location: 2F
0-2: Strikes out swinging
Batting: RHB Shizuo Heiwajaima 0-0: Ball
1-0: Ball
2-0: Called Strike
2-1: SINGLE (Groundball, 56D)
Batting: RHB Eduardo Rivera 0-0: Called Strike
Shizuo Heiwajaima is caught stealing 2nd base
Top of the 7th over - 0 run(s), 1 hit(s), 0 error(s), 0 left on base; South Beach 2 - Alameda 0
BOTTOM OF THE 7TH
Alameda Airmen batting - Pitching for South Beach Blaze : LHP Piotr Oja
Batting: RHB Javier Marino 0-0: Foul Ball, location: 2F
0-1: Ball
1-1: Called Strike
1-2: Ground out 6-3 (Groundball, 6)
Batting: RHB Jack Head 0-0: Called Strike
0-1: Called Strike
0-2: Reached on error, E5 (Groundball, 56)
Batting: LHB Bob Maher 0-0: Ball
1-0: Foul Ball, location: 2F
1-1: Ball
2-1: Foul Ball, location: 2F
2-2: Ball
3-2: SINGLE (Line Drive, 4M)
Jack Head to second
Jack Head to third
Batting: RHB Mario Salazar 0-0: Ball
1-0: Ball
2-0: Ball
3-0: Base on Balls
Bob Maher to second
Batting: RHB Teobaldo Pasquetto 0-0: Fly out, F8 (Line Drive, 8LM)
Runner from 3rd tags up, SCORES, no throw
Batting: LHB Armando Carmona 0-0: Ball
1-0: Ball
2-0: Foul Ball, location: 2F
2-1: Fly out, F8 (Flyball, 8LM)
Bottom of the 7th over - 1 run(s), 1 hit(s), 1 error(s), 2 left on base; South Beach 2 - Alameda 1
TOP OF THE 8TH
South Beach Blaze batting - Pitching for Alameda Airmen : RHP Tome Colmieiro
Batting: RHB Eduardo Rivera 0-0: Ball
1-0: Ground out U3 (Groundball, 34)
Batting: RHB Bastiaan Trommel 0-0: Ball
1-0: Ball
2-0: Called Strike
2-1: Called Strike
2-2: Strikes out looking
Batting: LHB Jorge Alejándrez 0-0: Fly out, F8 (Line Drive, 78S)
Top of the 8th over - 0 run(s), 0 hit(s), 0 error(s), 0 left on base; South Beach 2 - Alameda 1
BOTTOM OF THE 8TH
Alameda Airmen batting - Pitching for South Beach Blaze : LHP Piotr Oja
Batting: RHB Howard Lee 0-0: Called Strike
0-1: Foul Ball, location: 2F
0-2: Strikes out swinging
Batting: RHB Mark Poirer 0-0: Called Strike
0-1: Foul Ball, location: 2F
0-2: Ball
1-2: Ball
2-2: Ground out 1-3 (Groundball, 15S)
Batting: RHB Alfonso Nazario 0-0: Ground out 6-3 (Groundball, 6)
Bottom of the 8th over - 0 run(s), 0 hit(s), 0 error(s), 0 left on base; South Beach 2 - Alameda 1
TOP OF THE 9TH
South Beach Blaze batting - Pitching for Alameda Airmen : RHP Tome Colmieiro
Pitching: RHP Reynaldo Maestas
Batting: SHB José Rico 0-0: Called Strike
0-1: Foul Ball, location: 2F
0-2: Strikes out looking
Batting: LHB Ramiro Ramos 0-0: Called Strike
0-1: Ball
1-1: Foul Ball, location: 2F
1-2: Ball
2-2: Ball
3-2: Base on Balls
Pinch Hitting: SHB Silas Floyd 0-0: Ball
1-0: Called Strike
1-1: Foul Ball, location: 2F
1-2: Ball
2-2: Foul Ball, location: 2F
2-2: Foul Ball, location: 2F
2-2: SINGLE (Line Drive, 4M)
Ramiro Ramos to second
Batting: RHB Héctor Santandreu 0-0: Foul Ball, location: 2F
0-1: Ball
1-1: Foul Ball, location: 2F
1-2: Ball
2-2: Ball
3-2: Ground out 5-3 (Groundball, 56)
Ramiro Ramos to third
Silas Floyd to second
Pinch Hitting: RHB Abel Boga 0-0: Called Strike
0-1: Ball
1-1: Foul Ball, location: 2F
1-2: Ball
2-2: Ball
3-2: Foul Ball, location: 2F
3-2: Foul Ball, location: 2F
3-2: Strikes out swinging
Top of the 9th over - 0 run(s), 1 hit(s), 0 error(s), 2 left on base; South Beach 2 - Alameda 1
BOTTOM OF THE 9TH
Alameda Airmen batting - Pitching for South Beach Blaze : LHP Piotr Oja
Pitching: RHP Doug Carlton
Now at C: Norm Griffin
Now at SS: Silas Floyd
Batting: RHB Javier Marino 0-0: Ball
1-0: Ball
2-0: Fly out, F8 (Flyball, 8LM)
Batting: RHB Jack Head 0-0: Swinging Strike
0-1: Ball
1-1: Foul Ball, location: 2F
1-2: Strikes out swinging
Batting: LHB Bob Maher 0-0: Ground out 4-3 (Groundball, 4)
Bottom of the 9th over - 0 run(s), 0 hit(s), 0 error(s), 0 left on base; South Beach 2 - Alameda 1
Monday, March 20th, 2017 - OOTP Baseball 17.12 Build 75